 Dungeon Crawl Stone Soup version 0.31.0-11-ge490571c62 (webtiles) character file.

Game seed: 11963703133399944996

1343 RancidPinata the Ruffian (level 8, -4/78 HPs)
             Began as a Troll Shapeshifter on Jan 26, 2024.
             Was a Follower of Ru.
             Slain by Pikel
             ... wielding a +1 whip of electrocution
              (13 damage)
             ... on level 5 of the Dungeon.
             The game lasted 00:26:56 (9530 turns).

RancidPinata the Ruffian (Troll Shapeshifter)       Turns: 9530, Time: 00:26:58

Health: -4/78      AC:  5    Str: 29    XL:     8   Next: 35%
Magic:  0/7        EV: 15    Int:  8    God:    Ru [*.....]
Gold:   551        SH:  0    Dex:  9    Spells: 7/7 levels left

rFire   . .          .
                       - Unarmed
rCold   . . .        (no shield)
rNeg    . . .        a - +1 animal skin
rPois   .            (helmet currently unavailable)
rElec   .            (cloak currently unavailable)
rCorr   .            (gloves unavailable)
SInv    .            (boots unavailable)
Will    .....        f - amulet of guardian spirit
Stlth   +            o - +5 ring of evasion
HPRegen 1.13/turn    K - +6 ring of strength
MPRegen 0.10/turn

%: guardian spirit
@: beast-form
A: beast (slay +2), large, unfitting armour, claws 3, regeneration 1, shaggy fur
1, tough skin 1, unskilled 1
a: Begin Untransformation, Renounce Religion


You were on level 5 of the Dungeon.
You worshipped Ru.
Ru was aware of your devotion.
You were a hulking beast.
You visited 2 branches of the dungeon, and saw 9 of its levels.
You also visited: Ossuary.

You collected 551 gold pieces.

Inventory:

Hand Weapons
 M - the +5 long sword of Lies {elec, Will- Int+4 Dex+4}
   (You found it on level 4 of the Dungeon)

   Int+4:     It affects your intelligence (+4).
   Dex+4:     It affects your dexterity (+4).
   Will-:     It decreases your willpower.
Missiles
 j - 55 stones (quivered)
 l - 3 curare-tipped darts
 G - a throwing net
Armour
 a - a +1 animal skin (worn)
Jewellery
 f - an amulet of guardian spirit (around neck)
 o - a +5 ring of evasion (left claw)
 C - an amulet of magic regeneration
 F - a ring of poison resistance
 K - a +6 ring of strength (right claw)
Talismans
 c - a beast talisman
 d - a flux talisman
 A - a beast talisman
Wands
 p - a wand of flame (25)
 L - a wand of light (4)
Scrolls
 e - 3 scrolls of revelation {unknown}
 h - 4 scrolls of amnesia
 i - a scroll of noise {unknown}
 k - a scroll of blinking {unknown}
 n - 3 scrolls of fog {unknown}
 r - a scroll of summoning {unknown}
 s - 2 scrolls of enchant armour
 v - 3 scrolls of identify {unknown}
 x - 3 scrolls of poison {unknown}
 y - a scroll of brand weapon {unknown}
 B - 2 scrolls of teleportation {unknown}
 J - a scroll of fear {unknown}
Potions
 b - 3 potions of lignification
 g - 6 potions of enlightenment {unknown}
 m - a potion of ambrosia {unknown}
 q - 3 potions of cancellation {unknown}
 t - 2 potions of might {unknown}
 u - 4 potions of brilliance {unknown}
 w - a potion of attraction {unknown}
 z - 2 potions of heal wounds {unknown}
 D - a potion of berserk rage {unknown}
 E - a potion of haste {unknown}
 H - 2 potions of curing {unknown}
 I - a potion of degeneration {unknown}


   Skills:
 * Level 4.0 Fighting
 + Level 3.3 Dodging
 * Level 5.6 Unarmed Combat
 + Level 2.4 Evocations
 + Level 4.1 Shapeshifting


You had 7 spell levels left.
You didn't know any spells.
Your spell library contained the following spells:

 Spells                   Type           Power      Damage    Failure   Level
 Magic Dart               Conj           0%         1d3       41%         1
 Necrotise                Necr           0%         1d4       41%         1
 Shock                    Conj/Air       0%         1d3       41%         1
 Blink                    Tloc           0%         N/A       54%         2
 Lesser Beckoning         Tloc           0%         N/A       54%         2
 Momentum Strike          Conj/Tloc      0%         3d8       54%         2
 Searing Ray              Conj           0%         2d4       54%         2
 Swiftness                Air            0%         N/A       78%         3
 Vampiric Draining        Necr           0%         2d6       78%         3
 Airstrike                Air            0%         2d(0-16)  99%         4
 Animate Armour           Summ/Erth      0%         N/A       99%         4
 Fulminant Prism          Conj/Alch      0%         3d5       99%         4
 Martyr's Knell           Necr/Summ      0%         N/A       99%         4
 Summon Lightning Spire   Summ/Air       0%         N/A       99%         4
 Curse of Agony           Necr           0%         N/A       100%        5
 Lee's Rapid Deconstruct  Erth           0%         3d4*      100%        5


Dungeon Overview and Level Annotations

Branches:
Dungeon (8/15)             Temple (1/1) D:4 Zot: 982 Ossuary (visited)
   Lair: D:8-11

Altars:
Cheibriados
Elyvilon
Fedhas
Hepliaklqana
Kikubaaqudgha
Nemelex Xobeh
Ru
Sif Muna
Trog
Uskayaw
Xom
Yredelemnul
The Shining One

Shops:
D:3 (   D:6 *

Annotations:
D:5 Pikel
D:8 Psyche


Innate Abilities, Weirdness & Mutations

You are a hulking beast.
Your limbs bulge with bestial killing power. (Slay +2)
You are too large for most types of armour.
You have claws for hands.
Your natural rate of healing is unusually fast.
You are covered in fur. (AC +1)
You have tough skin. (AC +1)
You are somewhat unskilled. (-1 Apt)


Message History

Sigmund points at you and mumbles some strange words.
The puff of flame hits you!
You claw Sigmund!
You kill Sigmund!
The lemure barely misses you.
Your Fighting skill increases to level 4!
Things that are here:
a +0 scythe; a +2 robe of willpower; the human corpse of Sigmund
Found a scroll labelled XISTIS IGINN.
The lemure attacks as it pursues you! The lemure hits you!
The lemure closely misses you.
The lemure shouts!
The lemure attacks as it pursues you! The lemure hits you.
The lemure attacks as it pursues you! The lemure completely misses you.
The lemure hits you but does no damage.
There is an open door here.
You redirect the lemure's attack!
The lemure hits itself!
The lemure barely misses you.
Pikel shouts!
The lemure hits you.
You claw Pikel!
Pikel is moderately wounded.
The lemure hits you.
Pikel hits you with a +1 whip of electrocution.
You are electrocuted!!
The lemure hits you.
You scratch Pikel.
Pikel is moderately wounded.
The lemure hits you!
You redirect Pikel's attack!
Pikel hits himself with a +1 whip of electrocution!
You barely miss Pikel.
Pikel is severely wounded.
The lemure hits you. x2
* * * LOW HITPOINT WARNING * * *
Pikel hits you with a +1 whip of electrocution!
* * * LOW HITPOINT WARNING * * *
You are electrocuted!
You die...
Pikel says, "Another soul for the market."

####..###.##.#.#
#...... #.........#.#
#......
#..###.####.###......
#..###.####...+......
.'........5...##......
.#..#########.##......
###..# #.##......
#..##### #.#######+
###..Kh5.# #.#
......555.# #.#
###.#.....#####.#
##.#.....'....)##
#<.#.....#......#'###
#........#....?......
#.####'###...........
... #.# #............
@.. .. #............


You could see Pikel and 4 lemures.

Vanquished Creatures
  Grinder (D:3)
  Sigmund (D:5)
  A water moccasin (D:6)
  2 phantoms
  A bullfrog (D:7)
  2 scorpions
  2 hounds
  A gnoll bouda (D:5)
  3 iguanas
  Natasha (thrice) (D:3)
  9 mummies
  Robin (D:4)
  7 adders
  A white imp (D:5)
  3 ufetubi (D:5)
  A dart slug (D:1)
  A ribbon worm (D:2)
  7 orcs
  6 ball pythons
  11 bats
  7 endoplasms
  2 giant cockroaches
  A gnoll zombie (Ossuary)
  18 goblins
  13 hobgoblins
  10 kobolds
  3 quokkas
  A frilled lizard (D:1)
  A hobgoblin zombie (Ossuary)
  3 kobold zombies
  5 orc zombies
  5 rats
133 creatures vanquished.

Notes
Turn   | Place    | Note
-------+----------+-------------------------------------------
     0 | D:1      | RancidPinata the Troll Shapeshifter began the quest for the
                  | Orb.
     0 | D:1      | Reached XP level 1. HP: 18/18 MP: 0/0
    42 | D:1      | Reached skill level 1 in Fighting
    44 | D:1      | Reached XP level 2. HP: 27/27 MP: 1/1
   109 | D:1      | Found a faded altar of an unknown god.
   574 | D:1      | Reached XP level 3. HP: 33/33 MP: 2/2
  1086 | D:3      | Found Jauss's Weapon Shop.
  1104 | D:4      | Found a staircase to the Ecumenical Temple.
  1111 | Temple   | Entered the Ecumenical Temple
  6111 | Temple   | Glimpsed the power of Zot.
  6123 | Temple   | Became a worshipper of Ru the Awakened
  6139 | D:4      | You fall into a shaft and drop 3 floors!
  6183 | D:7      | Noticed a phantom
  6193 | D:7      | Killed a phantom
  6194 | D:7      | Reached skill level 1 in Evocations
  6194 | D:7      | Reached XP level 4. HP: 40/42 MP: 1/3
  6412 | D:8      | Noticed Psyche
  6441 | D:7      | Noticed an ice beast
  6441 | D:7      | Noticed a bullfrog
  6469 | D:7      | Killed a bullfrog
  6470 | D:7      | Reached skill level 4 in Unarmed Combat
  6470 | D:7      | Reached XP level 5. HP: 19/49 MP: 0/4
  6530 | D:7      | Noticed a black bear
  6543 | D:6      | Noticed a water moccasin
  6631 | D:6      | Reached XP level 6. HP: 51/59 MP: 5/5
  6652 | D:6      | Found Zukinif's Assorted Antiques.
  6662 | D:6      | Noticed a water moccasin
  6675 | D:6      | Killed a water moccasin
  6874 | D:5      | Entered Level 5 of the Dungeon
  6976 | D:5      | Found a sand-covered staircase.
  6983 | Ossuary  | Entered an ossuary
  7086 | Ossuary  | Reached XP level 7. HP: 66/67 MP: 4/6
  7281 | D:5      | Reached skill level 5 in Unarmed Combat
  7357 | D:5      | Identified the +1 ring mail of Deicebb {rCorr MP+9}
  7395 | D:5      | Noticed a yak
  7395 | D:5      | Noticed a yak
  7480 | D:5      | Noticed Pikel
  7502 | D:4      | Found a white marble altar of Elyvilon.
  8222 | D:3      | Noticed Natasha
  8228 | D:3      | Killed Natasha
  8237 | D:3      | Noticed Grinder
  8254 | D:3      | Killed Grinder
  8284 | D:3      | Reached XP level 8. HP: 78/78 MP: 7/7
  8363 | D:3      | Noticed Natasha
  8371 | D:3      | Killed Natasha
  8409 | D:3      | Found a shimmering blue altar of Sif Muna.
  8703 | D:3      | Noticed Natasha
  8708 | D:3      | Killed Natasha
  8953 | D:4      | Identified the +5 long sword of Lies {elec, Will- Int+4
                  | Dex+4}
  9012 | D:4      | Noticed Robin
  9032 | D:4      | Killed Robin
  9220 | D:5      | Noticed Sigmund
  9283 | D:5      | Gained mutation: You are somewhat unskilled. (-1 Apt) [Ru
                  | sacrifice]
  9283 | D:5      | Reached * piety under Ru
  9517 | D:5      | Killed Sigmund
  9530 | D:5      | Slain by Pikel

Illustrated notes

Levels and vault maps discovered:
D:1:      shiori_arrival_maze, layout_basic, chequers_ecumenical_altar_simple
D:2:      layout_loops_cross
D:3:      layout_rooms, amcnicky_altar_gilded, serial_shops, shop, uniq_natasha,
          uniq_grinder
D:4:      layout_basic, elyvilon_altar_5, minmay_temple_entry_trees, uniq_robin
D:5:      kennysheep_spiral_hall, layout_basic, ashenzari_conservatory_becter,
          nicolae_gozag_zags_fifth_avenue, nicolae_ossuary_entry_giza,
          uniq_pikel, uniq_sigmund
D:6:      layout_loops_cross, nicolae_inconvenience_store
D:7:      layout_basic, gammafunk_temple_overflow_wave, serial_shops,
          kennysheep_little_box, hangedman_abyss_or_decor_jellyfish_corner,
          grunt_ministairs_11, hangedman_decor_growths,
          kennysheep_generic_room_2
D:8:      layout_cave_pods, gammafunk_temple_overflow_claw, serial_column_ruins,
          column_ruins_temple_hall, column_ruins_square_medium,
          column_ruins_columns_corner, column_ruins_grid_1,
          column_ruins_open_tiny, column_ruins_grid_2, column_ruins_grid_1,
          lightli_bailey_entry_fortress, uniq_psyche
Temple:   hellmonk_temple_of_storms

Skill      XL: |  1  2  3  4  5  6  7  8 |
---------------+-------------------------+-----
Fighting       | 1 2 3 4 4 |  4.0
Dodging        | 2 3 |  3.3
Evocations     | 1 2 |  2.4
Unarmed Combat | 4 5 |  5.6
Shapeshifting  | 4 |  4.1

Action                     |  1- 3 |  4- 6 |  7- 9 || total
---------------------------+-------+-------+-------++-------
  Melee: Unarmed           |    74 |   100 |   160 ||   334
         Punch             |       |     3 |     5 ||     8
 Invoke: Reject Sacrifices |       |       |     1 ||     1
         Sacrifice Skill   |       |       |     1 ||     1
    Use: Scroll            |       |       |     2 ||     2
   Stab: Sleeping          |     1 |       |       ||     1
 Armour: Animal skin       |    33 |    44 |    78 ||   155
  Dodge: Dodged            |    28 |    62 |   133 ||   223
